 Dungeon Crawl Stone Soup version 0.22.1-2-g9c5b331383 (webtiles) character file.

132 KarvaRausku the Skirmisher (level 4, 0/42 HPs)
             Began as a Minotaur Gladiator on Dec 8, 2018.
             Was a Believer of Lugonu.
             Killed by nerve-wracking pain
             ... invoked by Grinder
              (7 damage)
             ... on level 2 of the Dungeon.
             The game lasted 00:04:57 (1686 turns).

KarvaRausku the Skirmisher (Minotaur Gladiator)     Turns: 1686, Time: 00:04:57

Health: 0/42       AC:  3    Str: 19    XL:     4   Next: 92%
Magic:  3/3        EV: 13    Int:  5    God:    Lugonu [**....]
Gold:   123        SH:  0    Dex: 12    Spells: 3/3 levels left

rFire    . . .     SeeInvis .   a - +0 war axe
rCold    . . .     Gourm    .   (no shield)
rNeg     . . .     Faith    .   p - +0 leather armour
rPois    .         Spirit   .   c - +0 hat
rElec    .         Reflect  .   (no cloak)
rCorr    .         Harm     .   (no gloves)
MR       .....                  (no boots)
Stlth    +.........             (no amulet)
HPRegen  0.14/turn              (no ring)
MPRegen  0.08/turn              (no ring)

@: no status effects
A: retaliatory headbutt, horns 2
a: Depart the Abyss, Bend Space, Renounce Religion


You were on level 2 of the Dungeon.
You worshipped Lugonu.
Lugonu was pleased with you.
You were not hungry.

You visited 1 branch of the dungeon, and saw 3 of its levels.

You collected 123 gold pieces.

Inventory:

Hand Weapons
 a - a +0 war axe (weapon)
 h - a +3 hunting sling
Missiles
 d - 4 throwing nets (quivered)
 j - 39 sling bullets
Armour
 c - a +0 hat (worn)
 p - a +0 leather armour (worn)
Scrolls
 b - a scroll of teleportation {unknown}
 k - a scroll of remove curse {unknown}
 o - a scroll of immolation {unknown}
 q - a scroll of fog {unknown}
Potions
 e - 3 potions of heal wounds {unknown}
 g - a potion of ambrosia {unknown}
 i - a potion of experience {unknown}
 m - a potion of curing {unknown}
 n - a potion of haste {unknown}
Comestibles
 f - 3 rations
 l - 10 chunks of flesh


   Skills:
 + Level 5.0 Fighting
 + Level 4.4 Axes
 - Level 2.0 Throwing
 + Level 2.3 Armour
 - Level 3.2 Dodging


You had 3 spell levels left.
You didn't know any spells.
Your spell library was empty.

Dungeon Overview and Level Annotations

Branches:
Dungeon (3/15)

Altars:
Xom
Lugonu

Annotations:
D:2 Grinder


Innate Abilities, Weirdness & Mutations

You reflexively headbutt those who attack you in melee.
You have a pair of horns on your head.


Message History

* * * LOW HITPOINT WARNING * * *
Found an escape hatch in the ceiling.
The worm closely misses you. You furiously retaliate!
You headbutt the worm. Grinder gestures at you. Pain shoots through your body!
* * * LOW HITPOINT WARNING * * *
Found a pair of embroidered gloves and 13 sling bullets.
Grinder blinks!
The frilled lizard bites you but does no damage.
Grinder hits you but does no damage.
Found a long sword.
The frilled lizard bites you but does no damage.
Found a smoky blue potion.
There is an escape hatch in the ceiling here.
The frilled lizard misses you.
Grinder blinks!
A mysterious force pulls you upwards. The hatch slams shut behind you.
The frilled lizard misses you. Grinder gestures at you.
Pain shoots through your body!
You die... ######## #.....##+..######### #......# #.....PPP.PPPPPPPPP# #......# #.....P..)......P.P# #......# #.....PPPPP.PPP.P.P# #......# #...........P...P... #......# #.....PPPPPPP.PPP.P.

#......# #.....P.....P.....P.
#......# #.>.).P.PPP.PPPPP.P.
#......#######..@l.P...P...P.P.P(
#..................P.PPP.PPP.P.P.
#.................5P.P.........P.
#####..............P.PPPPPPPPPPP.
#..............).########....
#..............##########....
#............................
#...........####...[.........
############# #.............


You could see Grinder and a frilled lizard.

Vanquished Creatures
  Natasha (D:3)
  5 gnolls
  An adder (D:2)
  A dart slug (D:1)
  A leopard gecko (D:2)
  5 goblins
  6 hobgoblins
  9 jackals
  7 kobolds
  A quokka (D:3)
  2 bats
  4 frilled lizards
  5 rats (D:1)
48 creatures vanquished.

Notes
Turn   | Place    | Note
-------+----------+-------------------------------------------
     0 | D:1      | KarvaRausku the Minotaur Gladiator began the quest for the
                  | Orb.
     0 | D:1      | Reached XP level 1. HP: 18/18 MP: 0/0
    63 | D:1      | Reached skill level 3 in Fighting
   115 | D:1      | Reached XP level 2. HP: 23/26 MP: 1/1
   305 | D:1      | Reached skill level 4 in Fighting
   629 | D:2      | Reached XP level 3. HP: 33/33 MP: 2/2
   676 | D:2      | Reached skill level 1 in Armour
   958 | D:2      | Reached XP level 4. HP: 20/41 MP: 3/3
  1219 | D:2      | Found a faded altar of an unknown god.
  1224 | D:2      | Became a worshipper of Lugonu the Unformed
  1224 | D:2      | Reached * piety under Lugonu
  1224 | D:2      | Reached ** piety under Lugonu
  1510 | D:2      | Found a shimmering altar of Xom.
  1665 | D:3      | Noticed Grinder
  1665 | D:3      | Noticed Natasha
  1667 | D:3      | Killed Natasha
  1667 | D:3      | Reached skill level 5 in Fighting
  1686 | D:2      | Killed from afar by Grinder

Skill      XL: |  1  2  3  4 |
---------------+-------------+-----
Fighting       | 3 4 5 |  5.0
Armour         | 1 2 |  2.3
Axes           | 4 |  4.4
Throwing       | |  2.0
Dodging        | |  3.2

Action                   |  1- 3 |  4- 6 || total
-------------------------+-------+-------++-------
Melee: War axe           |    37 |    31 ||    68
       Headbutt          |     6 |     6 ||    12
  Eat: Chunk             |       |     2 ||     2
Armor: Leather armour    |     3 |    17 ||    20
Dodge: Dodged            |    33 |    32 ||    65
